 Dungeon Crawl Stone Soup version 0.26.1-11-gd32895ea62 (webtiles) character file.

Game seed: 11060593700370007071

95 Descartes the Shield-Bearer (level 4, -7/37 HPs)
             Began as a Formicid Fighter on May 26, 2021.
             Mangled by an ice beast (12 damage)
             ... on level 2 of the Dungeon.
             The game lasted 00:02:40 (1980 turns).

Descartes the Shield-Bearer (Formicid Fighter)      Turns: 1980, Time: 00:02:41

Health: -7/37      AC:  7    Str: 20    XL:     4   Next: 97%
Magic:  4/4        EV:  8    Int:  8    God:
Gold:   91         SH:  9    Dex: 11    Spells: 3/3 levels left

rFire    . . .     SeeInvis +   a - +0 long sword
rCold    . . .     Faith    .   c - +0 kite shield
rNeg     . . .     Spirit   .   b - +0 scale mail
rPois    .         Reflect  .   (helmet unavailable)
rElec    .         Harm     .   s - scarf {repulsion}
rCorr    .         Rampage  .   (no gloves)
Will     .....                  (no boots)
Stlth    ..........             (no amulet)
HPRegen  0.12/turn              (no ring)
MPRegen  0.09/turn              (no ring)

@: brilliant, repel missiles
A: permanent stasis, dig shafts and tunnels, four strong arms, antennae 3
a: Dig, Shaft Self


You were on level 2 of the Dungeon.
You visited 1 branch of the dungeon, and saw 3 of its levels.

You collected 91 gold pieces.

Inventory:

Hand Weapons
 a - a +0 long sword (weapon)
 m - a +1 short sword of flaming
Missiles
 g - 109 stones
 l - 12 bolts
 r - 18 sling bullets
Armour
 b - a +0 scale mail (worn)
 c - a +0 kite shield (worn)
 s - a scarf of repulsion (worn)
Scrolls
 e - 4 scrolls of remove curse {unknown}
 f - 2 scrolls of magic mapping {unknown}
 i - a scroll of amnesia {unknown}
 j - 2 scrolls of enchant weapon {unknown}
 n - a scroll of teleportation {unknown}
 p - a scroll of fog {unknown}
 q - 2 scrolls of identify {unknown}
Potions
 d - a potion of might
 h - a potion of mutation {unknown}
 k - 2 potions of haste {unknown}
 o - 2 potions of curing {unknown}
 t - 2 potions of brilliance
 u - a potion of attraction {unknown}


   Skills:
 + Level 4.0 Fighting
 + Level 2.8 Long Blades
 + Level 4.1 Armour
 + Level 4.4 Shields


You had 3 spell levels left.
You didn't know any spells.
Your spell library was empty.

Dungeon Overview and Level Annotations

Branches:
Dungeon (3/15)

Altars:
Vehumet


Innate Abilities, Weirdness & Mutations

You cannot be hasted, slowed, berserked, paralysed or teleported.
You can dig through walls and to a lower floor.
Your four strong arms can wield two-handed weapons with a shield.
You have a pair of large antennae on your head. (SInv)


Message History

You are too injured to fight recklessly!
You are too injured to fight recklessly!
You are too injured to fight recklessly!
You are too injured to fight recklessly!
You block the hobgoblin's attack.
There is a stone staircase leading up here.
You block the orc's attack.
The hobgoblin hits you but does no damage.
The ice beast hits you but does no damage.
You climb upwards.
There is a stone staircase leading down here.
You extend your mandibles.
You dig through the rock wall.
You retract your mandibles.
It was a potion of brilliance.
You feel clever all of a sudden. The ice beast hits you.
* * * LOW HITPOINT WARNING * * *
The ice beast freezes you!
You die...

.##..####.# # .##..# #.# # .##..#
#.################ # ..#..#
#................# #
.....#############.#####.# #
.รท##....# #.# #.# ### .######.#
#.## #.######.. ## #.#
#####..####......... #.#
#.Y@........######<. ##.##
##o####.####.# ##.
#####...####g.#....# #.# #.
#..........>#.#....## #.# #.
#.###....##...#.....###.#######.
#.###.#.#.#......._.............
##.##.#.###..#.###.....#...######
.....#.## ##.#.# ##....#.#.######
.#.##.## ##..# #....#.....>..[


You could see an ice beast, an orc and a hobgoblin.

Vanquished Creatures
  4 adders (D:2)
  An ooze (D:1)
  A worm (D:2)
  A dart slug (D:2)
  2 leopard geckos (D:1)
  A ball python (D:1)
  3 bats
  3 giant cockroaches (D:1)
  2 goblins (D:2)
  9 hobgoblins
  3 jackals (D:1)
  7 kobolds
  2 quokkas (D:2)
  2 frilled lizards
  5 rats
46 creatures vanquished.

Notes
Turn   | Place    | Note
-------+----------+-------------------------------------------
     0 | D:1      | Descartes the Formicid Fighter began the quest for the Orb.
     0 | D:1      | Reached XP level 1. HP: 18/18 MP: 1/1
   294 | D:1      | Reached XP level 2. HP: 24/24 MP: 2/2
   449 | D:1      | Reached XP level 3. HP: 28/29 MP: 3/3
  1117 | D:2      | Reached XP level 4. HP: 29/37 MP: 4/4
  1250 | D:2      | Found a radiant altar of Vehumet.
  1964 | D:3      | Noticed an ice beast
  1980 | D:2      | Mangled by an ice beast

Illustrated notes

Levels and vault maps discovered:
D:1:      sevenhm_arrival_forest_fort_small_5, layout_rooms, hex_tiny
D:2:      layout_loops_ring, nicolae_overflow_crystal_walls
D:3:      layout_rooms, trog_eyes_of_draining, serial_glass, glass_columns_b,
          glass_columns_b, item_on_display_a, hex_intersection,
          mrwooster_statue_mirror

Skill      XL: |  1  2  3  4 |
---------------+-------------+-----
Shields        | 4 |  4.4
Armour         | 4 |  4.1
Fighting       | 4 |  4.0
Long Blades    | |  2.8

Action                   |  1- 3 |  4- 6 || total
-------------------------+-------+-------++-------
Melee: Long sword        |   101 |    84 ||   185
 Abil: Dig               |       |     1 ||     1
  Use: Potion            |       |     1 ||     1
Armor: Scale mail        |    33 |    41 ||    74
Dodge: Dodged            |    34 |    29 ||    63
Block: Kite shield       |    52 |    52 ||   104
       Rpst.: Long sword |    10 |     5 ||    15
